 Dungeon Crawl Stone Soup version 0.21.1-1-g345015f (webtiles) character file.

1536 glosham the Fighter (level 9, -3/64 HPs)
             Began as a Kobold Artificer on May 12, 2018.
             Slain by Scuka's ghost (15 damage)
             ... on level 5 of the Dungeon.
             The game lasted 00:40:33 (1841 turns).

glosham the Fighter (Kobold Artificer)              Turns: 1841, Time: 00:40:34

Health: -3/64      AC:  7    Str: 12    XL:     9   Next: 11%
Magic:  11/11      EV: 17    Int: 13    God:
Gold:   185        SH:  0    Dex: 15    Spells: 8/8 levels left

rFire    . . .     SeeInvis .   b - +0 quarterstaff
rCold    . . .     Gourm    .   (shield currently unavailable)
rNeg     . . .     Faith    .   k - +0 ring mail
rPois    .         Spirit   .   U - +1 helmet
rElec    .         Reflect  .   (no cloak)
rCorr    .         Harm     .   (no gloves)
MR       .....                  (no boots)
Stlth    +.........             (no amulet)
HPRegen  0.20/turn              A - +4 ring of evasion
MPRegen  0.12/turn              (no ring)

@: no status effects
A: small, carnivore
a: no special abilities


You were on level 5 of the Dungeon.
You were very full.

You visited 1 branch of the dungeon, and saw 5 of its levels.

You collected 185 gold pieces.

Inventory:

Hand Weapons
 a - a +1 hunting sling
 b - a +0 quarterstaff (weapon)
 c - a +0 short sword
 l - a +0 flail
 m - a +0 spear
 t - a +0 whip of flaming
 u - a +0 spear
 v - a +0 spear
 y - a +0 flail
Missiles
 g - 63 stones
 h - 6 needles of confusion
 s - 63 bolts
 w - 14 tomahawks (quivered)
Armour
 d - a +0 scale mail
 i - a +0 leather armour
 k - a +0 ring mail (worn)
 n - a +0 robe
 o - a +0 chain mail
 q - a +0 robe
 x - a +0 chain mail
 U - a +1 helmet (worn)
Jewellery
 A - a +4 ring of evasion (left hand)
Scrolls
 j - a scroll of teleportation
Potions
 p - a potion of curing
Comestibles
 f - 7 rations


   Skills:
 * Level 11.6 Fighting
 - Level 1.3 Short Blades
 - Level 2.4 Dodging
 - Level 1.3 Stealth
   Level 3.6 Evocations


You had 8 spell levels left.
You didn't know any spells.

Dungeon Overview and Level Annotations

Branches:
Dungeon (5/15)
 Temple: D:4-7

Altars:
Cheibriados
Dithmenos
Hepliaklqana
Wu Jian

Annotations:
D:5 Scuka's ghost, novice BaFi


Innate Abilities, Weirdness & Mutations

You are small and have problems with some larger weapons.
You are carnivorous and can eat meat at any time.


Message History

Scuka's ghost is lightly damaged.
Scuka's ghost misses you.
You sock Scuka's ghost!
Scuka's ghost is moderately damaged.
Scuka's ghost hits you.
You hit Scuka's ghost but do no damage.
Scuka's ghost is moderately damaged.
Scuka's ghost hits you! Scuka's ghost completely misses you.
You hit Scuka's ghost.
Scuka's ghost is heavily damaged.
Scuka's ghost hits you.
You hit Scuka's ghost but do no damage.
Scuka's ghost is heavily damaged.
Scuka's ghost misses you.
You hit Scuka's ghost but do no damage.
Scuka's ghost is heavily damaged.
Scuka's ghost hits you!
You barely miss Scuka's ghost.
Scuka's ghost is heavily damaged.
Scuka's ghost closely misses you. Scuka's ghost completely misses you.
You hit Scuka's ghost.
Scuka's ghost is heavily damaged.
You feel a little less agile now. Scuka's ghost closely misses you.
You barely miss Scuka's ghost.
Scuka's ghost is heavily damaged.
Scuka's ghost hits you!
* * * LOW HITPOINT WARNING * * *
Okay, then.
You hit Scuka's ghost but do no damage.
Scuka's ghost is heavily damaged.
Scuka's ghost barely misses you.
Scuka's ghost hits you but does no damage.
You hit Scuka's ghost.
Scuka's ghost is heavily damaged.
Scuka's ghost closely misses you.
You barely miss Scuka's ghost.
Scuka's ghost is heavily damaged.
Scuka's ghost hits you!
You die... #########################( ................@W.....(.( #########################<

You could see Scuka's ghost.

Vanquished Creatures
  Pikel (D:4)
  A sky beast (D:5)
  2 ice beasts (D:5)
  3 slaves (D:4)
  The ghost of Monsterracer the Conjurer, an amateur OpCj (D:3)
  A scorpion (D:4)
  A howler monkey (D:4)
  2 orc priests
  2 hounds
  2 iguanas
  5 orc wizards
  3 worker ants (D:5)
  6 gnolls (D:4)
  6 adders
  15 orcs
  2 bats (D:3)
  6 giant cockroaches
  A quokka (D:4)
  2 goblins (D:2)
62 creatures vanquished.

Vanquished Creatures (collateral kills)
  2 scorpions
  An orc priest (D:5)
  An orc wizard (D:3)
  A gnoll (D:4)
  2 orcs (D:3)
  A bat (D:3)
  A quokka (D:5)
  A leopard gecko skeleton (D:5)
  A rat (D:3)
11 creatures vanquished.

Vanquished Creatures (others)
  An ice beast (D:5)
  A worker ant (D:4)
2 creatures vanquished.

Grand Total: 75 creatures vanquished

Notes
Turn   | Place    | Note
-------+----------+-------------------------------------------
     0 | D:1      | glosham the Kobold Artificer began the quest for the Orb.
     0 | D:1      | Reached XP level 1. HP: 12/12 MP: 3/3
    26 | D:2      | Reached skill level 2 in Fighting
    26 | D:2      | Reached XP level 2. HP: 18/18 MP: 4/4
    78 | D:2      | Found a hazy altar of Hepliaklqana.
   142 | D:3      | Noticed Monsterracer's ghost (amateur OpCj)
   169 | D:3      | Found an ornate altar of the Wu Jian Council.
   175 | D:3      | Reached skill level 3 in Fighting
   175 | D:3      | Reached XP level 3. HP: 23/23 MP: 5/5
   183 | D:3      | Killed Monsterracer's ghost
   183 | D:3      | Reached skill level 4 in Fighting
   183 | D:3      | Reached XP level 4. HP: 30/30 MP: 6/6
   183 | D:3      | Reached XP level 5. HP: 34/34 MP: 7/7
   195 | D:3      | Reached skill level 5 in Fighting
   401 | D:4      | Reached skill level 6 in Fighting
   401 | D:4      | Reached XP level 6. HP: 29/41 MP: 8/8
   482 | D:4      | Found a shadowy altar of Dithmenos.
   602 | D:4      | Reached skill level 7 in Fighting
   662 | D:4      | Reached XP level 7. HP: 48/48 MP: 9/9
   723 | D:4      | Noticed Pikel
   731 | D:4      | Killed Pikel
   731 | D:4      | Reached skill level 9 in Fighting
   731 | D:4      | Reached XP level 8. HP: 54/57 MP: 10/10
   808 | D:3      | Found a snail-covered altar of Cheibriados.
   922 | D:5      | Entered Level 5 of the Dungeon
   930 | D:4      | Reached skill level 10 in Fighting
   952 | D:5      | Noticed Scuka's ghost (novice BaFi)
  1437 | D:5      | Reached skill level 11 in Fighting
  1554 | D:5      | Reached XP level 9. HP: 34/64 MP: 11/11
  1841 | D:5      | Slain by Scuka's ghost

Skill      XL: |  1  2  3  4  5  6  7  8 |
---------------+-------------------------+-----
Fighting       | 2 3 4 6 7 9 11 | 11.6
Short Blades   | |  1.3
Dodging        | |  2.4
Stealth        | |  1.3
Evocations     | |  3.6

Action                   |  1- 3 |  4- 6 |  7- 9 || total
-------------------------+-------+-------+-------++-------
Melee: Short sword       |    19 |     6 |    30 ||    55
       Quarterstaff      |       |       |    90 ||    90
       Whip              |       |       |    19 ||    19
 Fire: Hunting sling     |     4 |    57 |    57 ||   118
Throw: Tomahawk          |       |       |     3 ||     3
Evoke: Wand              |     9 |    15 |    29 ||    53
  Use: Scroll            |       |     5 |     6 ||    11
       Potion            |       |       |     2 ||     2
 Stab: Paralysed         |       |       |     3 ||     3
  Eat: Chunk             |     5 |     2 |     4 ||    11
Armor: Leather armour    |     6 |       |       ||     6
       Ring mail         |       |    10 |    20 ||    30
       Skin              |       |       |    18 ||    18
Dodge: Dodged            |    18 |    33 |   138 ||   189

Table legend:
 A = Turns spent in this place as a percentage of turns spent in the entire game.
 B = Non-inter-level travel turns spent in this place as a percentage of non-inter-level travel turns spent in the entire game.
 C = Inter-level travel turns spent in this place as a percentage of turns spent in this place.
 D = Turns resting spent in this place as a percentage of non-inter-level travel turns spent in this place.
 E = Turns spent auto-exploring this place as a percentage of non-inter-level travel turns spent in this place.
 F = Non-inter-level travel turns spent in this place divided by the number of levels of this place that you've seen.
                   A       B       C       D       E      F
               +-------+-------+-------+-------+-------+----------------------
         Total | 100.0 | 100.0 |   2.7 |   0.4 |   0.0 | 358.2
       Dungeon | 100.0 | 100.0 |   2.7 |   0.4 |   0.0 | 358.2
               +-------+-------+-------+-------+-------+----------------------

Table legend:
 A = Kills in this place as a percentage of kills in entire the game.
 B = Kills by you in this place as a percentage of kills by you in the entire game.
 C = Kills by friends in this place as a percentage of kills by friends in the entire game.
 D = Other kills in this place as a percentage of other kills in the entire game.
 E = Experience gained in this place as a percentage of experience gained in the entire game.
 F = Experience gained in this place divided by the number of levels of this place that you have seen.
                   A       B       C       D       E      F
               +-------+-------+-------+-------+-------+----------------------
         Total | 100.0 | 100.0 | 100.0 |   N/A | 100.0 | 439.0
       Dungeon | 100.0 | 100.0 | 100.0 |   N/A | 100.0 | 439.0
               +-------+-------+-------+-------+-------+----------------------

Vault maps used:
D:1:      dpeg_arrival_water_fire, interstate_on_off
D:2:      lemuel_coloured_pillars_altar, nicolae_overflow_crystal_walls
D:3:      overflow_temple_1_default, cheibriados_altar_1
D:4:      lemuel_round_altar, first_ration, uniq_pikel
D:5:      st_stairs_11
